 Dungeon Crawl Stone Soup version 0.31-a0-700-gf13585253f (webtiles) character file.

Game seed: 10085120257812762699

210 Zonian the Covered (level 5, 0/49 HPs)
             Began as an Armataur Fighter on Sept 7, 2023.
             Slain by a gnoll
             ... wielding a +0 spear
              (3 damage)
             ... on level 4 of the Dungeon.
             The game lasted 00:04:31 (2331 turns).

Zonian the Covered (Armataur Fighter)               Turns: 2331, Time: 00:04:32

Health: 0/49       AC:  9    Str: 24    XL:     5   Next: 57%
Magic:  5/5        EV:  7    Int:  8    God:
Gold:   122        SH:  4    Dex:  9    Spells: 4/4 levels left

rFire   . . .        a - +1 flail
rCold   . . .        c - +0 buckler
rNeg    . . .        b - +0 scale mail
rPois   .            g - +0 helmet
rElec   .            k - +0 cloak
rCorr   .            (no gloves)
SInv    .            (no barding)
Will    .....        (no amulet) Stlth
                     (no ring)
HPRegen 0.28/turn    (no ring)
MPRegen 0.09/turn

%: roll
@: no status effects
A: large, rugged brown scales 3, deformed body, armoured tail, roll, long
tongue, awkward tongue
a: no special abilities


You were on level 4 of the Dungeon.
You visited 1 branch of the dungeon, and saw 4 of its levels.

You collected 122 gold pieces.

Inventory:

Hand Weapons
 a - a +1 flail (weapon)
Missiles
 h - 2 poisoned darts
Armour
 b - a +0 scale mail (worn)
 c - a +0 buckler (worn)
 g - a +0 helmet (worn)
 k - a +0 cloak (worn)
Jewellery
 d - a +6 ring of intelligence
Scrolls
 e - a scroll of teleportation {unknown}
 f - a scroll of fog {unknown}
Potions
 i - a potion of curing
 j - a potion of mutation {unknown}
 l - 2 potions of brilliance


   Skills:
 + Level 3.8 Fighting
 + Level 3.1 Maces & Flails
 + Level 5.2 Armour
 - Level 4.0 Shields


You had 4 spell levels left.
You didn't know any spells.
Your spell library contained the following spells:

 Spells                   Type           Power      Damage    Failure   Level
 Slow                     Hex            0%         N/A       77%         1
 Confusing Touch          Hex            0%         N/A       98%         3
 Sigil of Binding         Hex            0%         N/A       98%         3
 Vampiric Draining        Necr           0%         2d6       98%         3


Dungeon Overview and Level Annotations

Branches:
Dungeon (4/15)
 Temple: D:4-7

Altars:
Fedhas


Innate Abilities, Weirdness & Mutations

You are completely covered in rugged brown scales. (AC +3, +7% HP)
Armour fits poorly on your strangely shaped body.
You have a long armoured tail.
You roll when moving toward enemies. (Rampage)
Your long tongue fully drains potion bottles. (2x potion effects)
Your tongue gives you trouble enunciating. (1.5x scroll delay)


Message History

You sock the orc!
You kill the orc!
A gnoll comes into view. It is wielding a +0 whip.
Things that are here:
a +0 club; a +0 club; an orc corpse A gnoll comes into view.
It is wielding a +0 halberd.
The gnoll shouts!
A gnoll comes into view. It is wielding a +0 spear.
The gnoll moves out of view.
The gnoll shouts! x2
A hobgoblin comes into view.
The hobgoblin shouts!
The hobgoblin moves out of view.
Found a stone staircase leading down.
You sock the hobgoblin!
You kill the hobgoblin!
There is a stone staircase leading down here.
The gnoll attacks as it pursues you!
The gnoll hits you from afar with a +0 spear.
You roll towards the gnoll!
You barely miss the gnoll.
The gnoll hits you from afar with a +0 halberd.
The gnoll hits you with a +0 spear!
You closely miss the gnoll.
The gnoll hits you from afar with a +0 halberd!
The gnoll barely misses you.
You thump the gnoll!
The gnoll is almost dead.
The gnoll hits you from afar with a +0 halberd!
The gnoll hits you with a +0 spear!
* * * LOW HITPOINT WARNING * * *
You hit the gnoll but do no damage.
The gnoll is almost dead.
The gnoll hits you from afar with a +0 halberd.
* * * LOW HITPOINT WARNING * * *
The gnoll hits you with a +0 spear.
* * * LOW HITPOINT WARNING * * *
The gnoll hits you from afar with a +0 halberd.
* * * LOW HITPOINT WARNING * * *
The gnoll hits you with a +0 spear.
You die...

# ###.#############
.........g.......
#####..#gg......
#.g#g#######
####.g#@# #
#.)...#.#
#.###g##g##.......#
#....)##g##.#####.#
## #...#.##.#### #.
#......... ..
#....g.... ##.
#........... +..
#....g...... #..


You could see 4 gnolls.

Vanquished Creatures
  Terence (D:3)
  Natasha (twice) (D:3)
  2 adders
  2 worms (D:3)
  2 dart slugs (D:1)
  11 orcs
  6 endoplasms
  17 giant cockroaches
  6 goblins
  10 hobgoblins
  A jackal (D:1)
  7 quokkas
  5 ball pythons
  2 bats
  A frilled lizard (D:1)
  2 kobolds
  7 rats
84 creatures vanquished.

Notes
Turn   | Place    | Note
-------+----------+-------------------------------------------
     0 | D:1      | Zonian the Armataur Fighter began the quest for the Orb.
     0 | D:1      | Reached XP level 1. HP: 19/19 MP: 1/1
    86 | D:1      | Reached XP level 2. HP: 26/26 MP: 2/2
   310 | D:1      | Reached skill level 4 in Armour
   586 | D:1      | Reached XP level 3. HP: 31/33 MP: 3/3
   618 | D:1      | Found a faded altar of an unknown god.
  1487 | D:3      | Found a blossoming altar of Fedhas.
  1490 | D:3      | Noticed Terence
  1557 | D:3      | Reached XP level 4. HP: 39/40 MP: 4/4
  1819 | D:3      | Noticed Natasha
  1833 | D:3      | Killed Natasha
  1892 | D:3      | Killed Terence
  1893 | D:3      | Reached XP level 5. HP: 35/48 MP: 5/5
  1989 | D:3      | Noticed Natasha
  1995 | D:3      | Killed Natasha
  1996 | D:3      | Reached skill level 5 in Armour
  2331 | D:4      | Slain by a gnoll

Illustrated notes

Levels and vault maps discovered:
D:1:      lightli_arrival_statuegarden, layout_basic,
          shapermc_ecumenical_altar_totnotflames, minmay_tromino_mix6
D:2:      layout_loops_ring, grunt_ministairs_1, kennysheep_doodads,
          fountainhead
D:3:      minmay_roachtagon, layout_basic, mainiacjoe_overflow_tiny_flanked,
          uniq_terence, uniq_natasha
D:4:      layout_basic, nicolae_shop_i_like_big_books

Skill      XL: |  1  2  3  4  5 |
---------------+----------------+-----
Maces & Flails | 2 3 |  3.1
Armour         | 4 5 |  5.2
Fighting       | 3 |  3.8
Shields        | 4 |  4.0

Action                     |  1- 3 |  4- 6 || total
---------------------------+-------+-------++-------
  Melee: Flail             |   126 |   113 ||   239
         Tailslap          |     7 |    17 ||    24
    Use: Scroll            |     7 |     1 ||     8
         Potion            |       |     1 ||     1
 Armour: Scale mail        |   118 |    90 ||   208
  Dodge: Dodged            |    57 |    52 ||   109
  Block: Buckler           |    38 |    32 ||    70

Table legend: (Time is in decaauts)
 A = Elapsed time spent in this place.
 B = Non-inter-level travel time spent in this place.
 C = Inter-level travel time spent in this place.
 D = Time resting spent in this place.
 E = Time spent auto-exploring this place.
 F = Levels seen in this place.
 G = Mean time per level.
                   A        B        C        D        E       F      G
               +--------+--------+--------+--------+--------+-----+--------+
         Total |   2410 |   2262 |    148 |    212 |   1416 |   4 |  602.5 |
       Dungeon |   2410 |   2262 |    148 |    212 |   1416 |   4 |  602.5 |
               +--------+--------+--------+--------+--------+-----+--------+

Top non-repeatable levels by time:
     D:1: 933 daAuts
     D:3: 706 daAuts
     D:2: 649 daAuts
     D:4: 121 daAuts
